AoeStats
← joselitopereirajr

MegaRandom

510443753Analyzed
4v4 RM · 23h ago on Oct 1, 2026· 48m 56s· 8 players
Game mode
Random Map
Map size
Large (8 player)
Population
200
Speed
Normal
Resources
Standard
Victory
Conquest
Starting age
Dark Age
Ending age
Imperial Age
RankedLock teamsTeams togetherTeam positionsShared explorationLock speedFull tech treeHidden civsTurbo modeCheats
Victory
Defeat
🇧🇷 Franks · Brazil
807
+16
🇧🇷 Vietnamese · Brazil
802
+16
🇧🇷 Lithuanians · Brazil
786
+17
🇧🇷 Bulgarians · Brazil
711
+20
🇪🇨 Teutons · Ecuador
949
-23
🇪🇨 Aztecs · Ecuador
791
-17
758
-15
🇺🇸 Byzantines · United States
723
-14
Tedyoners
6:13 Loom
13:43 Feudal Age
16:01 Double-Bit Axe
20:14 Castle Age
20:13 Horse Collar
21:09 Elite Skirmisher
25:46 Wheelbarrow
25:18 Pikeman
39:19 Bow Saw
46:45 Imperial Age
48:39 Forging
48:36 Scale Mail Armor
48:41 Scale Barding Armor
48:28 Fletching
48:38 Padded Archer Armor
Oni.Huevitos
3:04 Loom
10:32 Feudal Age
18:02 Castle Age
16:40 Stone Mining
16:47 Horse Collar
18:11 Double-Bit Axe
21:53 Bow Saw
21:37 Gold Mining
23:14 Wheelbarrow
23:04 Town Watch
25:14 Gambesons
25:29 Squires
25:14 Arson
29:03 Heavy Plow
28:36 Pikeman
29:16 Squires
29:01 Arson
30:09 Hand Cart
32:38 Town Patrol
35:40 Imperial Age
34:24 Forging
34:15 Scale Mail Armor
34:06 Fletching
34:16 Padded Archer Armor
34:22 Scale Barding Armor
34:32 Fortified Wall
34:33 Masonry
34:44 Ballistics
34:40 Elite Skirmisher
36:46 Stone Shaft Mining
35:50 Halberdier
37:12 Iron Casting
36:52 Chain Mail Armor
39:18 Chemistry
39:24 Conscription
39:32 Caravan
39:21 Elite Teutonic Knight
40:40 Bloodlines
42:12 Two-Man Saw
40:51 Cavalier
japs cancel meal for starvation
stevengineer
0:40 Loom
THIAGO
10:49 Loom
12:34 Feudal Age
16:19 Double-Bit Axe
19:26 Castle Age
19:13 Gold Mining
20:16 Wheelbarrow
28:27 Gold Shaft Mining
27:43 Stone Mining
29:05 Bow Saw
30:11 Hand Cart
30:23 Caravan
38:29 Imperial Age
38:07 Ballistics
38:41 Cavalier
39:22 Husbandry
39:30 Scale Barding Armor
39:35 Forging
39:17 Town Watch
39:44 Bow Saw
40:54 Town Patrol
42:51 Chemistry
41:36 Paladin
42:42 Chain Barding Armor
42:58 Iron Casting
47:22 Blast Furnace
46:46 Heavy Scorpion
Drakula Kill
11:24 Feudal Age
14:09 Loom
14:59 Wheelbarrow
14:43 Double-Bit Axe
17:21 Horse Collar
18:10 Gold Mining
22:26 Castle Age
22:44 Stone Mining
24:43 Caravan
24:54 Heavy Plow
25:11 Bow Saw
25:41 Stone Shaft Mining
28:02 Hand Cart
27:34 Town Watch
27:52 Fletching
28:02 Padded Archer Armor
28:13 Forging
28:06 Scale Mail Armor
28:54 Bodkin Arrow
29:15 Leather Archer Armor
30:36 Iron Casting
30:16 Chain Mail Armor
30:43 Ballistics
30:14 Heated Shot
37:13 Imperial Age
38:29 Crop Rotation
38:13 Town Patrol
38:17 Elite Rattan Archer
38:58 Chatras
39:20 Paper Money
38:29 Elite Fire Lancer
41:01 Chemistry
39:48 Arrowslits
40:16 Bracer
40:47 Ring Archer Armor
40:48 Plate Mail Armor
joselitopereirajr
11:03 Feudal Age
17:18 Castle Age
16:27 Double-Bit Axe
16:29 Horse Collar
17:27 Wheelbarrow
23:49 Scale Barding Armor
23:55 Forging
24:20 Heavy Plow
25:58 Iron Casting
26:57 Chain Barding Armor
35:01 Imperial Age
34:09 Bow Saw
34:26 Husbandry
35:08 Bloodlines
36:53 Conscription
36:16 Elite Leitis
38:31 Plate Barding Armor
41:09 Hand Cart
Que vc se lasque
1:16 Loom
10:41 Feudal Age
13:53 Double-Bit Axe
20:25 Castle Age
18:44 Gold Mining
18:45 Stone Mining
20:04 Horse Collar
20:37 Scale Mail Armor
20:48 Forging
20:44 Scale Barding Armor
24:25 Bow Saw
24:18 Heavy Plow
25:09 Fervor
29:18 Gold Shaft Mining
30:40 Bloodlines
30:19 Gambesons
33:40 Squires
36:29 Imperial Age
35:54 Stone Shaft Mining
35:40 Stirrups
36:48 Wheelbarrow
37:04 Ballistics
36:55 Masonry
37:40 Iron Casting
37:22 Chain Mail Armor
38:41 Conscription
39:08 Hand Cart
40:17 Bagains
42:14 Blast Furnace
40:58 Elite Konnik
44:34 Plate Mail Armor
44:18 Caravan
47:21 Crop Rotation
Connection lost

Rejoining the realm…

Still unreachable

The connection could not be restored.

Session expired

The server has moved on; the page needs a fresh start.